 Dungeon Crawl Stone Soup version 0.23-a0-655-g3751e1c (webtiles) character file.

2466 Firecrotchwizard the Cleaver (level 9, -1/82 HPs)
             Began as a Hill Orc Monk on Jan 8, 2019.
             Was a Priest of Beogh.
             Splashed by a jelly's acid (5 damage)
             ... on level 7 of the Dungeon.
             The game lasted 00:22:30 (8604 turns).

Firecrotchwizard the Cleaver (Hill Orc Monk)        Turns: 8604, Time: 00:22:31

Health: -1/82      AC: 10    Str: 17    XL:     9   Next: 50%
Magic:  14/14      EV:  8    Int: 10    God:    Beogh [***...]
Gold:   317        SH:  0    Dex: 13    Spells: 8/8 levels left

rFire    . . .     SeeInvis .   a - +1 hand axe
rCold    . . .     Gourm    .   (no shield)
rNeg     . . .     Faith    .   x - +1 chain mail
rPois    .         Spirit   .   (no helmet)
rElec    .         Reflect  .   (no cloak)
rCorr    .         Harm     .   k - +2 pair of gloves
MR       .....                  H - +2 pair of boots
Stlth    ..........             (no amulet)
HPRegen  0.23/turn              C - ring of wizardry (curse) {Wiz+, !d}
MPRegen  0.14/turn              (no ring)

@: corroded
A: no striking features
a: Smiting, Renounce Religion


You were on level 7 of the Dungeon.
You worshipped Beogh.
Beogh was most pleased with you.
You were hungry.

You visited 1 branch of the dungeon, and saw 7 of its levels.

You collected 317 gold pieces.

Inventory:

Hand Weapons
 a - a +1 hand axe (weapon)
 b - a +0 hunting sling
   (You found it on level 1 of the Dungeon)
 f - a +2 antimagic trident
   (You found it on level 3 of the Dungeon)
Missiles
 e - a tomahawk (quivered)
 h - 6 sling bullets
 B - 4 steel tomahawks
Armour
 d - a +0 robe
 g - a +0 scale mail
   (You found it on level 2 of the Dungeon)
 j - a +0 ring mail
   (You found it on level 1 of the Dungeon)
 k - a +2 pair of gloves (worn)
   (You found it on level 4 of the Dungeon)
 x - a +1 chain mail (worn)
   (You found it on level 4 of the Dungeon)
 H - a +2 pair of boots (worn)
   (You found it on level 6 of the Dungeon)
Jewellery
 C - a cursed ring of wizardry (left hand) {Wiz+, !d}
   (You found it on level 6 of the Dungeon)
Wands
 t - a wand of polymorph (11)
   (You found it on level 3 of the Dungeon)
 u - a wand of clouds (4)
   (You took it off an orc on level 4 of the Dungeon)
Scrolls
 i - a scroll of fear
 l - a scroll of noise {unknown}
 m - 5 scrolls of identify
 n - a scroll of immolation {unknown}
 q - 3 scrolls of teleportation
 v - a scroll of remove curse
 y - a scroll of silence {unknown}
 z - a scroll of brand weapon {unknown}
 A - a scroll of torment {unknown}
 F - 2 scrolls of magic mapping {unknown}
Potions
 o - a potion of haste
 p - a potion of flight {unknown}
 r - a potion of agility {unknown}
 w - a potion of might {unknown}
 D - a potion of mutation {unknown}
 E - a potion of resistance {unknown}
Comestibles
 c - 13 rations


   Skills:
 + Level 8.3 Fighting
 + Level 9.7 Axes
 + Level 6.7 Armour
 - Level 2.4 Dodging
 - Level 1.5 Stealth
 + Level 7.3 Invocations


You had 8 spell levels left.
You didn't know any spells.
Your spell library contained the following spells:

 Spells                   Type           Power        Failure   Level  Hunger
 Sandblast                Erth           #.....       85%         1    ##.....
 Passwall                 Tmut/Erth      #.......     92%         2    ###....
 Stone Arrow              Conj/Erth      #.....       99%         3    ####...
 Petrify                  Tmut/Erth      #.......     100%        4    #####..
 Lee's Rapid Deconstruct  Erth           #.........   100%        5    ######.


Dungeon Overview and Level Annotations

Branches:
Dungeon (7/15)             Temple (0/1) D:6

Altars:
Cheibriados
Dithmenos
Fedhas
Gozag
Nemelex Xobeh
Okawaru
Qazlal
Trog
Uskayaw
Zin

Annotations:
D:7 Dowan, Duvessa, Harold


Message History

There is an open door here.
You hear the steady creaking of a very distant portcullis.
You are feeling hungry.
You may need something to eat soon, looking for food.
Can't find anything matching that.
Okay, then.
You now have 317 gold pieces (gained 11).
A quokka comes into view.
You see here a scroll of enchant armour.
e - a scroll of enchant armour
As you read the scroll of enchant armour, it crumbles to dust.
Your +1 pair of boots glows green for a moment.
You slash the quokka!
You kill the quokka!
Beogh accepts your kill.
Found an escape hatch in the floor.
You see here 3 tomahawks.
e - 3 tomahawks
c - 13 rations (gained 1)
You may need something to eat soon, looking for food.
Can't find anything matching that.
Okay, then.
A bullfrog comes into view.
The bullfrog croaks.
You hear the steady creaking of a very distant portcullis.
The bullfrog hits you but does no damage.
You barely miss the bullfrog.
The ogre shouts!
The bullfrog hits you.
You take 2 damage, and have 79/81 hp.
You slash the bullfrog!
The bullfrog hits you but does no damage. x2
You slash the bullfrog!
The bullfrog hits you but does no damage.
You closely miss the bullfrog. The bullfrog hits you.
You take 1 damage, and have 78/81 hp.
You slash the bullfrog!
You kill the bullfrog!
Beogh accepts your kill.
Throwing (i - inventory. (/) - cycle)
e - 3 tomahawks (quivered)
Aim: an ogre, wielding a +0 giant spiked club You throw a tomahawk.
The tomahawk hits the ogre but does no damage.
Throwing (i - inventory. (/) - cycle)
e - 2 tomahawks (quivered)
Aim: an ogre, wielding a +0 giant spiked club You throw a tomahawk.
The tomahawk hits the ogre but does no damage.
The ogre hits you with a +0 giant spiked club!
You take 12 damage, and have 66/81 hp.
Your chain mail prevents you from hitting the ogre.
The bullfrog gives a loud, deep croak!
You hit the ogre. The ogre completely misses you.
You hit the ogre.
A jelly comes into view.
The jelly quivers.
You hit the ogre but do no damage.
The ogre hits you with a +0 giant spiked club!
You take 12 damage, and have 55/81 hp.
You hit the ogre. You hit the ogre.
Your chain mail prevents you from hitting the bullfrog.
The bullfrog barely misses you.
The ogre hits you with a +0 giant spiked club!
The jelly jiggles.
The bullfrog barely misses you.
You take 11 damage, and have 44/81 hp.
You hit the ogre. You closely miss the bullfrog.
The bullfrog hits you but does no damage.
The ogre hits you but does no damage.
You hit the ogre. You hit the bullfrog.
The bullfrog hits you but does no damage.
Your chain mail prevents you from hitting the ogre.
You closely miss the bullfrog. The bullfrog hits you.
The ogre hits you with a +0 giant spiked club!
You take 20 damage, and have 25/81 hp.
MASSIVE DAMAGE!!
Your chain mail prevents you from hitting the ogre.
You completely miss the bullfrog.
The bullfrog hits you but does no damage.
You hit the ogre. You barely miss the bullfrog.
The bullfrog hits you but does no damage.
The ogre hits you with a +0 giant spiked club!
* * * LOW HITPOINT WARNING * * *
The bullfrog barely misses you.
You take 15 damage, and have 10/81 hp.
You hit the ogre.
You kill the ogre!
Beogh accepts your kill.
You barely miss the bullfrog. The bullfrog closely misses you.
You hit the bullfrog. You hit the jelly. The acid corrodes you!
Your hands burn!
* * * LOW HITPOINT WARNING * * *
The bullfrog completely misses you. The jelly hits you but does no damage.
You take 2 damage, and have 9/82 hp.
You hit the jelly. The acid corrodes you!
Your hands burn!
* * * LOW HITPOINT WARNING * * *
You hit the bullfrog. The bullfrog barely misses you.
You take 5 damage, and have 4/82 hp.
You hit the jelly but do no damage.
Your hands burn!
You die...

... #...........##
### ...
#............#
....#............#
.
....#............#
..
................[#
..............####
..............#
..............#
....((J@....>.#
......F.......#
..............#
...../........#
..............#
..####....##### .
#..... .......


You could see a bullfrog and a jelly.

Vanquished Creatures
  Pikel (D:5)
  Edmund (D:5)
  An orc warrior (D:6)
  An ice beast (D:5)
  A phantom (D:5)
  7 ogres
  Blork the orc (D:4)
  2 bullfrogs
  A scorpion (D:5)
  2 howler monkeys (D:7)
  A crimson imp (D:5)
  A centaur zombie (D:6)
  3 hounds
  A jelly (D:6)
  2 orc priests
  3 iguanas
  4 worker ants
  4 orc wizards
  A hound skeleton (D:5)
  A worker ant zombie (D:6)
  8 adders
  An ooze (D:2)
  3 adder skeletons
  6 worms
  3 leopard geckos
  15 orcs
  6 bats
  7 giant cockroaches
  7 hobgoblins
  18 jackals
  3 quokkas
  3 ball pythons (D:2)
  4 frilled lizards
  7 goblins
  6 kobolds
  A leopard gecko skeleton (D:7)
  5 rats
142 creatures vanquished.

Vanquished Creatures (others)
  A slave (D:5)
  3 orcs (D:7)
  A kobold (D:3)
  A rat (D:3)
6 creatures vanquished.

Grand Total: 148 creatures vanquished

Notes
Turn   | Place    | Note
-------+----------+-------------------------------------------
     0 | D:1      | Firecrotchwizard the Hill Orc Monk began the quest for the
                  | Orb.
     0 | D:1      | Reached XP level 1. HP: 19/19 MP: 1/1
     0 | D:1      | meem: I am meem, an upgrade of beem built by MalcolmRose
                  | (check out Malcolm's DCSS vids and other projects at
                  | http://youtube.com/malcolmrosegaming). To have me follow
                  | you in your games, type !subscribemeem - to make me go away
                  | forever, type !quitmeem - For help, type: !meem
   164 | D:1      | Reached XP level 2. HP: 25/27 MP: 2/2
   479 | D:2      | HP: 4/27 [adder (3)]
   483 | D:2      | HP: 1/27 [poisoned by an adder]
   485 | D:2      | Reached skill level 1 in Armour
   489 | D:2      | HP: 2/40 [poisoned by an adder]
   495 | D:2      | HP: 1/40 [poisoned by an adder]
   498 | D:2      | Reached skill level 4 in Fighting
   499 | D:2      | Reached XP level 3. HP: 2/33 MP: 3/3
   501 | D:2      | HP: 1/49 [poisoned by an adder]
   942 | D:2      | Reached skill level 5 in Axes
  1241 | D:2      | Reached XP level 4. HP: 32/40 MP: 4/4
  1340 | D:2      | Found a glowing silver altar of Zin.
  1341 | D:2      | Found an opulent altar of Gozag.
  1851 | D:2      | Reached skill level 2 in Armour
  2289 | D:3      | Reached XP level 5. HP: 46/47 MP: 5/5
  2298 | D:3      | Reached skill level 6 in Axes
  2367 | D:3      | Became a worshipper of Beogh the Brigand
  2367 | D:3      | Reached * piety under Beogh
  2367 | D:3      | Reached ** piety under Beogh
  2736 | D:3      | Noticed a moth of wrath
  2739 | D:3      | Found a bloodstained altar of Trog.
  3092 | D:3      | Found a snail-covered altar of Cheibriados.
  3243 | D:4      | Found a shadowy altar of Dithmenos.
  3265 | D:4      | Reached skill level 1 in Invocations
  3269 | D:4      | Noticed an ogre
  3573 | D:4      | Got a bronze leather armour
  3584 | D:4      | Identified the cursed +1 leather armour "Veumeir" {*Drain
                  | rC+ rN+} (You found it on level 4 of the Dungeon)
  3683 | D:4      | Reached XP level 6. HP: 47/55 MP: 7/7
  3695 | D:4      | Reached skill level 5 in Fighting
  3844 | D:4      | Reached skill level 3 in Armour
  3844 | D:4      | Reached skill level 2 in Invocations
  4217 | D:4      | Reached skill level 3 in Invocations
  4486 | D:4      | Reached skill level 7 in Axes
  4486 | D:4      | Reached XP level 7. HP: 43/61 MP: 9/9
  4654 | D:4      | Noticed Blork the orc
  4670 | D:4      | Killed Blork the orc
  4894 | D:5      | Entered Level 5 of the Dungeon
  5065 | D:5      | Reached skill level 4 in Armour
  5084 | D:5      | Reached skill level 6 in Fighting
  5084 | D:5      | Reached skill level 4 in Invocations
  5385 | D:5      | Reached XP level 8. HP: 51/71 MP: 11/11
  5490 | D:5      | Noticed Pikel
  5503 | D:5      | Killed Pikel
  5503 | D:5      | Reached skill level 7 in Fighting
  5503 | D:5      | Reached skill level 8 in Axes
  5503 | D:5      | Reached skill level 5 in Armour
  5503 | D:5      | Reached skill level 5 in Invocations
  5801 | D:5      | Noticed Edmund
  5841 | D:5      | Killed Edmund
  5965 | D:5      | Found a stormy altar of Qazlal.
  6088 | D:5      | Reached skill level 6 in Invocations
  6264 | D:5      | Found a sparkling altar of Nemelex Xobeh.
  6287 | D:5      | Found a blossoming altar of Fedhas.
  6643 | D:6      | Found a staircase to the Ecumenical Temple.
  6733 | D:6      | Reached skill level 9 in Axes
  6733 | D:6      | Reached XP level 9. HP: 67/79 MP: 13/13
  6806 | D:6      | HP: 7/79 [orc warrior/+0 flail (14)]
  6808 | D:6      | HP: 3/79 [orc warrior/steel tomahawk (5)]
  6812 | D:6      | HP: 1/79 [hound (1)]
  6847 | D:5      | Reached skill level 6 in Armour
  7190 | D:6      | Found an iron altar of Okawaru.
  7273 | D:6      | Found a hide-covered altar of Uskayaw.
  7824 | D:6      | Reached skill level 8 in Fighting
  7829 | D:6      | Reached *** piety under Beogh
  8151 | D:7      | Reached skill level 7 in Invocations
  8158 | D:7      | Noticed a troll
  8345 | D:7      | Noticed Dowan
  8345 | D:7      | Noticed Harold
  8347 | D:7      | Noticed Duvessa
  8600 | D:7      | HP: 10/81 [ogre/+0 giant spiked club (15)]
  8603 | D:7      | HP: 4/82 [acid (5)]
  8604 | D:7      | Splashed by a jelly's acid

Vault maps used:
D:1:      psy_arrival_whirlpool
D:2:      grunt_temple_overflow_gold_and_silver
D:3:      cheibriados_altar_1, tgw_trog, first_ration
D:4:      grunt_dithmenos_smoke_and_mirrors, hangedman_decor_growths,
          uniq_blork_the_orc
D:5:      grunt_qazlal_clouds, fedhas_altar_3, nemelex_altar_shiori,
          grunt_decor_arrowhead, grunt_decor_mini_mirrors, uniq_edmund,
          uniq_pikel
D:6:      kennysheep_little_box, nicolae_overflow_crystal_walls,
          minmay_temple_entry_statues_pillars
D:7:      enter_bailey_2, grunt_ogre_cave, minmay_three_doors,
          uniq_crazy_yiuf_cottage, uniq_harold, uniq_menkaure, uniq_duvessa

Skill      XL: |  1  2  3  4  5  6  7  8  9 |
---------------+----------------------------+-----
Armour         | 1 2 3 4 5 6 |  6.7
Fighting       | 4 5 6 7 8 |  8.3
Axes           | 5 6 7 9 |  9.7
Invocations    | 1 3 4 6 7 |  7.3
Dodging        | |  2.4
Stealth        | |  1.5

Action                   |  1- 3 |  4- 6 |  7- 9 || total
-------------------------+-------+-------+-------++-------
Melee: Hand axe          |    95 |   261 |   340 ||   696
       Unarmed           |     7 |       |       ||     7
       Trident           |       |    22 |       ||    22
 Fire: Hunting sling     |    46 |    12 |    14 ||    72
Throw: Stone             |    27 |    95 |    59 ||   181
       Tomahawk          |       |       |     8 ||     8
Invok: Convert to Beogh  |       |     1 |       ||     1
       Smiting           |       |     1 |     2 ||     3
Evoke: Wand              |       |       |     3 ||     3
  Use: Potion            |     2 |       |     4 ||     6
       Scroll            |       |     7 |     4 ||    11
 Stab: Confused          |       |       |     1 ||     1
  Eat: Chunk             |     1 |     9 |     4 ||    14
       Ration            |       |     1 |     2 ||     3
Armor: Robe              |     4 |       |       ||     4
       Ring mail         |    20 |       |       ||    20
       Skin              |     6 |       |       ||     6
       Scale mail        |    23 |   127 |       ||   150
       Chain mail        |       |     3 |   152 ||   155
Dodge: Dodged            |    61 |   165 |   112 ||   338

Table legend:
 A = Non-vault XP
 B = Vault XP
 C = Vault XP percentage of total XP
 D = Non-vault monster count
 E = Vault monster count
 F = Vault count percentage of total count
                 A         B        C        D         E       F
            +---------+---------+-------+---------+---------+-------
      Total |    2675 |     848 |  24.1 |     133 |       9 |   6.3
            +---------+---------+-------+---------+---------+-------
        D:1 |      15 |       0 |   0.0 |      10 |       0 |   0.0
        D:2 |     118 |       0 |   0.0 |      36 |       0 |   0.0
        D:3 |      90 |      12 |  11.8 |      27 |       5 |  15.6
        D:4 |     483 |      90 |  15.7 |      14 |       1 |   6.7
        D:5 |     742 |     745 |  50.1 |      19 |       2 |   9.5
        D:6 |     903 |       0 |   0.0 |      21 |       0 |   0.0
        D:7 |     324 |       1 |   0.3 |       6 |       1 |  14.3
            +---------+---------+-------+---------+---------+-------

Vault maps used:
D:1:      psy_arrival_whirlpool
D:2:      grunt_temple_overflow_gold_and_silver
D:3:      cheibriados_altar_1, tgw_trog, first_ration
D:4:      grunt_dithmenos_smoke_and_mirrors, hangedman_decor_growths,
          uniq_blork_the_orc
D:5:      grunt_qazlal_clouds, fedhas_altar_3, nemelex_altar_shiori,
          grunt_decor_arrowhead, grunt_decor_mini_mirrors, uniq_edmund,
          uniq_pikel
D:6:      kennysheep_little_box, nicolae_overflow_crystal_walls,
          minmay_temple_entry_statues_pillars
D:7:      enter_bailey_2, grunt_ogre_cave, minmay_three_doors,
          uniq_crazy_yiuf_cottage, uniq_harold, uniq_menkaure, uniq_duvessa

Table legend:
 A = Turns spent in this place as a percentage of turns spent in the entire game.
 B = Non-inter-level travel turns spent in this place as a percentage of non-inter-level travel turns spent in the entire game.
 C = Inter-level travel turns spent in this place as a percentage of turns spent in this place.
 D = Turns resting spent in this place as a percentage of non-inter-level travel turns spent in this place.
 E = Turns spent auto-exploring this place as a percentage of non-inter-level travel turns spent in this place.
 F = Non-inter-level travel turns spent in this place divided by the number of levels of this place that you've seen.
                   A       B       C       D       E      F
               +-------+-------+-------+-------+-------+----------------------
         Total | 100.0 | 100.0 |   4.7 |  35.2 |  42.2 | 1171.9
       Dungeon | 100.0 | 100.0 |   4.7 |  35.2 |  42.2 | 1171.9
               +-------+-------+-------+-------+-------+----------------------

Table legend:
 A = Kills in this place as a percentage of kills in entire the game.
 B = Kills by you in this place as a percentage of kills by you in the entire game.
 C = Kills by friends in this place as a percentage of kills by friends in the entire game.
 D = Other kills in this place as a percentage of other kills in the entire game.
 E = Experience gained in this place as a percentage of experience gained in the entire game.
 F = Experience gained in this place divided by the number of levels of this place that you have seen.
                   A       B       C       D       E      F
               +-------+-------+-------+-------+-------+----------------------
         Total | 100.0 | 100.0 |   N/A | 100.0 | 100.0 | 503.3
       Dungeon | 100.0 | 100.0 |   N/A | 100.0 | 100.0 | 503.3
               +-------+-------+-------+-------+-------+----------------------
